AoeStats
← Celacho31

Arena

505156376Analyzed
4v4 RM · 23d ago on Sep 8, 2026· 49m 5s· 8 players
Game mode
Random Map
Map size
Large (8 player)
Population
200
Speed
Normal
Resources
Standard
Victory
Conquest
Starting age
Dark Age
Ending age
Imperial Age
RankedLock teamsTeams togetherTeam positionsShared explorationLock speedFull tech treeHidden civsTurbo modeCheats
Victory
Defeat
🇧🇷 Britons · Brazil
712
+12
699
+13
🇺🇸 Teutons · United States
637
+15
🇸🇬 Huns · Singapore
626
+16
🇨🇴 Italians · Colombia
731
-48
🇨🇴 Portuguese · Colombia
731
-46
🇨🇴 Turks · Colombia
528
-16
🇨🇴 Romans · Colombia
503
-12
Bierserker
12:41 Feudal Age
13:58 Wheelbarrow
13:48 Double-Bit Axe
13:46 Horse Collar
21:29 Gold Mining
21:32 Stone Mining
25:28 Castle Age
26:56 Hand Cart
27:07 Caravan
28:29 Heavy Plow
33:00 Bow Saw
33:28 Stone Shaft Mining
35:27 Imperial Age
34:42 Ironclad
34:56 Ironclad
35:49 Fortified Wall
35:30 Guard Tower
36:00 Ballistics
37:47 Conscription
38:04 Hoardings
39:08 Two-Man Saw
39:16 Chemistry
39:10 Crenellations
39:28 Crop Rotation
39:45 Town Watch
41:15 Elite Teutonic Knight
49:12 Bombard Tower
48:44 Heated Shot
49:30 Keep
48:41 Arrowslits
49:07 Masonry
look my 3 garbag e team noobs,lo
12:53 Feudal Age
20:18 Castle Age
19:46 Double-Bit Axe
21:51 Bow Saw
22:17 Wheelbarrow
24:11 Hand Cart
24:23 Loom
25:09 Marauders
32:41 Imperial Age
29:57 Town Watch
31:27 Gold Mining
32:26 Town Patrol
32:44 Bloodlines
32:35 Husbandry
32:55 Elite Tarkan
33:57 Conscription
33:52 Caravan
33:59 Scale Barding Armor
34:05 Forging
36:00 Two-Man Saw
35:25 Chain Barding Armor
36:26 Iron Casting
36:41 Gold Shaft Mining
37:32 Plate Barding Armor
39:00 Blast Furnace
41:24 Cavalier
42:48 Paladin
capitaoJOE
9:24 Feudal Age
10:06 Double-Bit Axe
16:21 Castle Age
15:28 Gold Mining
24:14 Bow Saw
25:34 Gold Shaft Mining
25:06 Stone Mining
26:20 Wheelbarrow
27:21 Fletching
27:33 Padded Archer Armor
29:02 Horse Collar
29:31 Caravan
29:44 Crossbowman
34:54 Imperial Age
32:53 Ballistics
33:11 Leather Archer Armor
33:55 Bodkin Arrow
35:09 Yeomen
37:31 Chemistry
37:11 Ring Archer Armor
36:07 Elite Skirmisher
36:40 Arbalester
38:11 Bracer
38:01 Loom
38:56 Hand Cart
40:52 Coinage
40:33 Guilds
41:18 Warwolf
41:52 Elite Longbowman
47:04 Banking
Soldaris
2:09 Loom
9:51 Feudal Age
10:22 Double-Bit Axe
11:13 Wheelbarrow
11:05 Horse Collar
13:38 Gold Mining
14:24 Stone Mining
20:55 Castle Age
22:04 Bow Saw
21:56 Heavy Plow
22:36 Gold Shaft Mining
23:28 Hand Cart
26:55 Caravan
31:13 Murder Holes
31:40 Ballistics
36:50 Imperial Age
35:12 Marauders
36:21 Fletching
36:42 Forging
36:38 Scale Barding Armor
36:34 Scale Mail Armor
36:47 Masonry
38:44 Two-Man Saw
38:49 Chemistry
38:11 Conscription
39:20 Sanctity
39:27 Illumination
40:25 Bloodlines
40:15 Husbandry
41:05 Iron Casting
40:25 Bodkin Arrow
40:52 Chain Barding Armor
40:51 Chain Mail Armor
41:12 Elite Tarkan
44:11 Blast Furnace
43:14 Bracer
43:31 Chain Mail Armor
43:16 Padded Archer Armor
45:02 Plate Barding Armor
Celacho31
12:03 Feudal Age
13:46 Double-Bit Axe
14:55 Forging
14:35 Fletching
18:30 Castle Age
16:43 Horse Collar
16:58 Stone Mining
19:13 Loom
20:04 Wheelbarrow
19:14 Town Watch
21:12 Heavy Plow
21:16 Scale Mail Armor
21:23 Scale Barding Armor
23:12 Hand Cart
25:17 Town Patrol
25:40 Gold Mining
25:26 Man-at-Arms
26:07 Squires
26:53 Long Swordsman
30:48 Chain Mail Armor
31:09 Iron Casting
34:51 Chain Barding Armor
34:33 Husbandry
34:44 Bloodlines
35:53 Ballistas
37:31 Gold Shaft Mining
37:09 Bow Saw
37:11 Caravan
37:41 Coinage
40:03 Imperial Age
41:54 Legionary
44:17 Comitatenses
jeas0104
12:31 Feudal Age
13:42 Horse Collar
13:57 Double-Bit Axe
21:33 Castle Age
20:02 Gold Mining
20:03 Stone Mining
27:19 Heavy Plow
28:01 Stone Shaft Mining
30:08 Coinage
29:38 Caravan
29:58 Padded Archer Armor
30:03 Scale Mail Armor
30:13 Forging
29:54 Fletching
30:09 Scale Barding Armor
31:16 Circumnavigation
31:59 Bow Saw
37:01 Imperial Age
38:36 Arquebus
38:09 Elite Organ Gun
39:10 Conscription
39:04 Siphons
39:13 Masonry
40:39 Banking
40:20 Guilds
tomo2220
7:51 Loom
12:01 Feudal Age
10:20 Loom
13:00 Horse Collar
13:10 Double-Bit Axe
14:15 Wheelbarrow
16:30 Stone Mining
19:56 Castle Age
21:34 Heavy Plow
23:17 Bow Saw
28:27 Hand Cart
32:16 Imperial Age
32:44 Imperial Age
30:34 Hand Cart
30:41 Gold Mining
33:26 Artillery
32:49 Elite Janissary
34:03 Capped Ram
36:11 Coinage
35:52 Guilds
35:44 Caravan
36:08 Siege Ram
36:26 Heavy Scorpion
38:44 Conscription
39:10 Bombard Tower
39:13 Fortified Wall
38:55 Guard Tower
Daniel4217
10:42 Feudal Age
11:22 Double-Bit Axe
11:21 Horse Collar
12:22 Loom
14:47 Fletching
15:09 Forging
15:00 Padded Archer Armor
19:44 Castle Age
20:17 Gold Mining
20:18 Stone Mining
21:37 Bow Saw
22:18 Crossbowman
23:14 Heavy Plow
27:24 Stone Shaft Mining
30:38 Squires
31:53 Thumb Ring
31:25 Pikeman
36:39 Ballistics
36:09 Guard Tower
36:31 Fortified Wall
36:17 Murder Holes
36:33 Masonry
36:05 Treadmill Crane
36:20 Heated Shot
Connection lost

Rejoining the realm…

Still unreachable

The connection could not be restored.

Session expired

The server has moved on; the page needs a fresh start.